 Dungeon Crawl Stone Soup version 0.27.1-4-g1640c2035a (webtiles) character file.

Game seed: 13002024348466301980

2411 raph the Basher (level 9, -13/89 HPs)
             Began as a Troll Berserker on Nov 6, 2021.
             Was an Elder of Trog.
             Shot with a sling bullet by Joseph (19 damage)
             ... on level 7 of the Dungeon.
             The game lasted 00:09:06 (7777 turns).

raph the Basher (Troll Berserker)                   Turns: 7777, Time: 00:09:07

Health: -13/89     AC:  4    Str: 27    XL:     9   Next: 23%
Magic:  8/8        EV: 11    Int:  3    God:    Trog [****..]
Gold:   546        SH:  0    Dex: 12    Spells: 8/8 levels left

rFire    . . .     SeeInvis .   a - +0 giant club
rCold    . . .     Faith    .   (shield currently unavailable)
rNeg     . . .     Spirit   .   b - +0 animal skin
rPois    +         Reflect  .   (helmet restricted)
rElec    .         Harm     .   (no cloak)
rCorr    .         Rampage  .   (gloves unavailable)
Will     ++...                  (boots unavailable)
Stlth    +.........             (no amulet)
HPRegen  2.24/turn              e - ring of poison resistance
MPRegen  0.11/turn              (no ring)

@: strong-willed (expiring), on berserk cooldown, regenerating (expiring),
slowed, very slow
A: large, unfitting armour, claws 3, regeneration 1, shaggy fur 1, tough skin 1
a: Renounce Religion, Berserk, Trog's Hand, Brothers in Arms


You were on level 7 of the Dungeon.
You worshipped Trog.
Trog was greatly pleased with you.
You visited 1 branch of the dungeon, and saw 7 of its levels.
You also visited: Sewer.

You collected 546 gold pieces.

Inventory:

Hand Weapons
 a - a +0 giant club (weapon)
 l - a +1 mace
Missiles
 f - 283 stones (quivered)
 q - 9 boomerangs
 s - 7 poisoned darts
Armour
 b - a +0 animal skin (worn)
Jewellery
 e - a ring of poison resistance (left claw)
 g - an amulet of faith
Wands
 p - a wand of digging (6)
 t - a wand of polymorph (10)
 u - a wand of iceblast (5)
Scrolls
 c - a scroll of teleportation
 o - a scroll of magic mapping
Potions
 d - 5 potions of curing
 h - a potion of brilliance {unknown}
 i - a potion of invisibility {unknown}
 j - a potion of berserk rage
 k - a potion of flight {unknown}
 m - 2 potions of heal wounds
 n - a potion of attraction {unknown}
 r - 2 potions of resistance {unknown}
 w - 2 potions of might {unknown}
 x - a potion of lignification {unknown}


   Skills:
 + Level 5.7 Fighting
 * Level 8.6 Maces & Flails
 + Level 5.7 Dodging


You had 8 spell levels left.
You didn't know any spells.
Your spell library was empty.

Dungeon Overview and Level Annotations

Branches:
Dungeon (7/15)             Temple (0/1) D:6           Sewer (visited)

Altars:
Kikubaaqudgha
Nemelex Xobeh
Okawaru

Shops:
D:3 (

Annotations:
D:4 3 runed translucent doors, emiel's ghost, amateur DsWn
D:7 Joseph


Innate Abilities, Weirdness & Mutations

You are too large for most types of armour.
You have claws for hands.
Your natural rate of healing is unusually fast.
You are covered in fur. (AC +1)
You have tough skin. (AC +1)


Message History

You are too injured to fight recklessly!
You are too injured to fight recklessly!
You are too injured to fight recklessly!
You hit the gnoll.
The gnoll is moderately wounded.
The gnoll closely misses you.
The gnoll shaman hits you with a +0 club!
The gnoll hits you with a +0 flail!
* * * LOW HITPOINT WARNING * * *
The gnoll hits you with a +0 club.
* * * LOW HITPOINT WARNING * * *
The gnoll shaman closely misses you. The gnoll hits you with a +0 flail.
* * * LOW HITPOINT WARNING * * *
The gnoll closely misses you. The gnoll hits you but does no damage.
Things that are here:
a +0 whip; a throwing net; a gnoll corpse Your skin crawls.
You feel strong-willed. The gnoll hits you with a +0 club.
* * * LOW HITPOINT WARNING * * *
As you read the scroll of fear, it crumbles to dust.
You assume a fearsome visage.
The gnoll shaman looks frightened!
The gnoll looks frightened! x2
Joseph, a Mercenary comes into view.
He is wielding a +2 spectral quarterstaff.
Joseph shouts!
You are no longer glowing.
Joseph unwields a +2 spectral quarterstaff.
Joseph wields a +0 hunting sling.
Joseph shoots a sling bullet.
The sling bullet hits you!
Joseph shoots a sling bullet.
The sling bullet hits you!!
* * * LOW HITPOINT WARNING * * *
Joseph shoots a sling bullet.
The sling bullet hits you!
* * * LOW HITPOINT WARNING * * *
Joseph shoots a sling bullet.
The sling bullet hits you!!
* * * LOW HITPOINT WARNING * * *
You fail to use your ability.
You feel the effects of Trog's Hand fading.
Joseph sighs, "Being a guard is usually so boring..."
Joseph shoots a sling bullet.
The sling bullet hits you!!
You die...

..........#.#..#.##.>.##
#####..................#
.....#.###.[.....##...##
####.#.# #######.###..#
#.#.# #.# #..# #.#.# #.#
#..##### #.#.# #.#
#......# #.#.# #.#
#.####.# #.#.# #@# #.#
#.# #.# ##.###.## #.#
#.# #.......# #.# #.#
#.####g.###.# #.#
#######@##....g...# #.#
..@........#..##### #.#
#######.####..# ###.#
#.####..# ##...#####
#....).)#


You could see Joseph.

Vanquished Creatures
  Duvessa (D:5)
  4 water moccasins
  An ice beast (D:5)
  A black bear (D:5)
  A sky beast (D:6)
  An ogre (D:4)
  5 necrophages
  A centaur (D:6)
  2 bullfrogs
  2 scorpions
  Dowan (D:5)
  A wight (D:7)
  A centaur skeleton (D:6)
  4 hounds
  2 orc priests (D:5)
  3 jellies (D:6)
  3 iguanas
  3 orc wizards
  3 hound skeletons
  7 gnolls
  6 adders
  A howler monkey skeleton (D:4)
  2 worms
  2 dart slugs (D:1)
  12 orcs
  3 endoplasms
  7 giant cockroaches
  5 goblins
  8 hobgoblins
  11 jackals
  8 kobolds
  4 quokkas
  5 ball pythons
  9 bats
  5 frilled lizards
  4 rats
139 creatures vanquished.

Notes
Turn   | Place    | Note
-------+----------+-------------------------------------------
     0 | D:1      | raph the Troll Berserker began the quest for the Orb.
     0 | D:1      | Reached XP level 1. HP: 22/22 MP: 0/0
   353 | D:1      | Reached skill level 3 in Maces & Flails
   353 | D:1      | Reached XP level 2. HP: 29/29 MP: 1/1
   799 | D:1      | Reached XP level 3. HP: 36/36 MP: 2/2
   905 | D:1      | Reached ** piety under Trog
  1355 | D:2      | You fall into a shaft and drop 2 floors!
  1500 | D:4      | Found an iron altar of Okawaru.
  1812 | D:3      | Found Mublae's Antique Weapon Shop.
  2579 | D:2      | Reached XP level 4. HP: 44/44 MP: 3/3
  3196 | D:3      | Reached *** piety under Trog
  3885 | D:4      | Noticed a black bear
  3885 | D:4      | Noticed an orc warrior
  3889 | D:4      | Found a runed translucent gate.
  3889 | D:4      | Found a runed translucent gate.
  3889 | D:4      | Found a runed translucent gate.
  3890 | D:4      | Noticed emiel's ghost (amateur DsWn)
  3921 | D:4      | Reached skill level 4 in Maces & Flails
  4017 | D:4      | Reached XP level 5. HP: 53/53 MP: 4/4
  4159 | D:4      | Noticed an ogre
  4162 | D:4      | Killed an ogre
  4245 | D:4      | Reached XP level 6. HP: 41/61 MP: 5/5
  4503 | D:4      | Noticed a water moccasin
  4517 | D:4      | Killed a water moccasin
  4518 | D:4      | Reached skill level 5 in Maces & Flails
  4961 | D:5      | Entered Level 5 of the Dungeon
  4997 | D:5      | Reached XP level 7. HP: 63/68 MP: 6/6
  5165 | D:5      | Reached skill level 6 in Maces & Flails
  5233 | D:5      | Noticed Dowan
  5234 | D:5      | Noticed Duvessa
  5238 | D:5      | Killed Dowan
  5241 | D:5      | Killed Duvessa
  5711 | D:5      | Reached XP level 8. HP: 75/79 MP: 7/7
  6039 | D:5      | Reached skill level 7 in Maces & Flails
  6220 | D:6      | Reached skill level 5 in Fighting
  6220 | D:6      | Reached skill level 5 in Dodging
  6220 | D:6      | Found a staircase to the Ecumenical Temple.
  6291 | D:6      | Found a sparkling altar of Nemelex Xobeh.
  6309 | D:6      | Found a glowing drain.
  6327 | D:6      | Reached **** piety under Trog
  6332 | Sewer    | Entered a sewer
  6694 | D:6      | Reached skill level 8 in Maces & Flails
  6801 | D:6      | Reached XP level 9. HP: 55/88 MP: 8/8
  7709 | D:7      | Found an ancient bone altar of Kikubaaqudgha.
  7770 | D:7      | Noticed Joseph
  7776 | D:7      | HP: 3/89 [Joseph/sling bullet (19)]
  7777 | D:7      | Shot with a sling bullet by Joseph

Illustrated notes

Levels and vault maps discovered:
D:1:      lemuel_arrival_rhombus, layout_basic
D:2:      layout_basic, minmay_misc_feat_tower, minmay_misc_feat_secret_circle
D:3:      layout_basic, serial_shops, shop, minmay_fractal_squares_gapless_5
D:4:      layout_basic, mainiacjoe_overflow_small_starburst,
          gammafunk_ghost_split, minmay_strange_pillars
D:5:      layout_loops_ring, uniq_duvessa
D:6:      layout_layer_cave, nemelex_spade_bored_becter,
          minmay_temple_entry_junction, portal_sewer_entry_b
D:7:      layout_loops_ring, mainiacjoe_overflow_tiny_flanked, serial_undead,
          serial_undead_f, serial_undead_d, serial_undead_a, serial_undead_f,
          uniq_joseph

Skill      XL: |  1  2  3  4  5  6  7  8 |
---------------+-------------------------+-----
Maces & Flails | 3 4 5 6 8 |  8.6
Fighting       | 3 4 5 |  5.7
Dodging        | 3 4 5 |  5.7

Action                   |  1- 3 |  4- 6 |  7- 9 || total
-------------------------+-------+-------+-------++-------
Melee: Mace              |   148 |    28 |       ||   176
       Giant club        |       |    59 |   209 ||   268
Invok: Berserk           |     3 |     4 |    13 ||    20
       Trog's Hand       |       |       |     2 ||     2
  Use: Scroll            |       |       |    10 ||    10
 Stab: Sleeping          |     3 |       |       ||     3
Armor: Animal skin       |    64 |    27 |   123 ||   214
Dodge: Dodged            |    85 |    51 |   221 ||   357
